 Dungeon Crawl Stone Soup version 0.18.1-50-g88ac8fd (webtiles) character file.

10435 Amnesiac the Covert (level 11, -5/80 HPs)
             Began as a Merfolk Fighter on Mar 4, 2018.
             Was a Priest of Pakellas.
             Slain by a large abomination (31 damage)
             ... on level 1 of the Abyss.
             The game lasted 00:28:05 (12359 turns).

Amnesiac the Covert (Merfolk Fighter)              Turns: 12359, Time: 00:28:06

Health: -5/80      AC: 14    Str: 20    XL:     11   Next: 62%
Magic:  13/14      EV: 11    Int:  9    God:    Pakellas [***...]
Gold:   729        SH:  9    Dex: 14    Spells: 0 memorised, 10 levels left

rFire  + . .     SeeInvis .     a - +1 dagger (elec)
rCold  . . .     Gourm    .     y - +2 ring mail {rF+}
rNeg   + . .     Faith    .     c - +0 shield
rPois  .         Spirit   .     J - +0 helmet
rElec  .         Dismiss  .     N - +1 cloak
rCorr  .         Reflect  .     g - +2 pair of gloves
SustAt .         Harm     +     R - +1 pair of boots
MR     .....     Rnd*Rage +     K - amulet of harm
Stlth  ++++......               I - ring of wizardry
                                z - ring of positive energy

@: not resistant to hostile enchantments, stealthy
A: change form in water, swift swim, berserk 1, blurry vision 1, clever 1,
deformed body, low mp 2, mutation resistance 1, screaming 2
a: Quick Charge, Device Surge, Renounce Religion


You were on level 1 of the Abyss.
You worshipped Pakellas.
Pakellas was most pleased with you.
You were not hungry.

You visited 3 branches of the dungeon, and saw 13 of its levels.
You visited the Abyss 1 time.

You collected 729 gold pieces.

Inventory:

Hand Weapons
 a - a +1 dagger of electrocution (weapon)
 b - a +1 dagger of venom
Missiles
 d - 4 throwing nets (quivered)
 m - 6 needles of confusion
 D - 7 curare-tipped needles
 Z - 6 needles of sleeping
Armour
 c - a +0 shield (worn)
 g - a +2 pair of gloves (worn)
 y - a +2 ring mail of fire resistance (worn)
 A - the +2 robe of Kofoure {+Fly rF- rC+}
   (You found it on level 5 of the Dungeon)

   It makes you vulnerable to fire.
   It protects you from cold.
   It lets you fly.
 J - a +0 helmet (worn)
 N - a +1 cloak (worn)
 R - a +1 pair of boots (worn)
Magical Staves
 E - an uncursed staff of air
Jewellery
 k - an uncursed amulet of dismissal
 z - a ring of positive energy (left hand)
 G - an uncursed amulet of guardian spirit
 I - a ring of wizardry (right hand)
 K - an amulet of harm (around neck)
Wands
 x - a wand of acid (14/15)
 B - a wand of confusion (28/48)
 Q - a wand of random effects (21/48)
 S - a wand of disintegration (3/24)
 X - a wand of hasting (7/9)
 Y - a wand of paralysis (1/24)
Scrolls
 e - 12 scrolls of remove curse {!r}
 h - 2 scrolls of magic mapping {!r}
 l - 2 scrolls of teleportation {!r}
 n - 3 scrolls of amnesia {!r}
 o - a scroll of vulnerability {!r}
 r - a scroll of enchant armour {!r}
 w - a scroll of immolation {!r}
 P - 2 scrolls of recharging {!r}
 T - 2 scrolls of brand weapon {!r}
 U - 4 scrolls of enchant weapon {!r}
 V - a scroll of identify {!r}
 W - a scroll of fear {!r}
Potions
 j - 2 potions of might {!q}
 s - 5 potions of curing {!q}
 v - 5 potions of flight {!q}
 F - a potion of heal wounds {!q}
 H - 2 potions of brilliance {!q}
Comestibles
 f - 8 bread rations
 p - 3 meat rations
 q - 8 fruits
 t - 4 beef jerkies
 C - a slice of pizza


   Skills:
 - Level 5.2 Fighting
 - Level 10.5 Short Blades
 - Level 4.8 Armour
 - Level 5.4 Dodging
 + Level 10.9 Stealth
 - Level 3.0 Shields
 - Level 10.0 Evocations


You had 10 spell levels left.
You didn't know any spells.

Dungeon Overview and Level Annotations

Branches:
Dungeon (10/15)            Temple (1/1) D:6            Lair (0/8) D:8
    Orc (2/2) D:10
    Elf: Orc:2

Altars:
Ashenzari
Cheibriados
Dithmenos
Elyvilon
Fedhas
Gozag
Kikubaaqudgha
Makhleb
Nemelex Xobeh
Okawaru
Pakellas
Qazlal
Ru
Sif Muna
Trog
Vehumet
Xom
Yredelemnul
Zin
The Shining One


Innate Abilities, Weirdness & Mutations

You revert to your normal form in water.
You are very nimble and swift while swimming.
Scrolls take you a little longer to read.
Your mind is acute. (Int +2)
Armour fits poorly on your strangely shaped body.
You are somewhat resistant to further mutation.
[You tend to lose your temper in combat.]
[Your magical capacity is very low (-20% MP).]
[You sometimes yell uncontrollably at your foes.]


Message History

A wretched star comes into view.
The ufetubus shouts!
You are suddenly pulled into a different region of the Abyss!
Found a corrupted altar of Lugonu.
HP restored.
Key pressed, stopping explore.
A large abomination comes into view.
Evoke which item? (* to show all) (? for menu, Esc to quit)
Okay, then.
You hit the large abomination but do no damage.
You hit the large abomination but do no damage.
You hit the large abomination but do no damage.
The large abomination hits you!
You hit the large abomination but do no damage.
There is a sudden explosion of sparks!
The large abomination is heavily damaged.
You hit the large abomination but do no damage.
The large abomination is heavily damaged.
The large abomination barely misses you.
You hit the large abomination but do no damage.
There is a sudden explosion of sparks!
The large abomination is almost destroyed.
You hit the large abomination but do no damage.
There is a sudden explosion of sparks!
You destroy the large abomination!
Pakellas accepts your kill.
You swing at nothing.
Key pressed, stopping explore.
A large abomination comes into view.
A large abomination is nearby!
A large abomination is nearby!
Found a potion of flight.
You swing at nothing.
You swing at nothing.
v - 5 potions of flight {!q} (gained 1)
A large abomination comes into view.
You hit the large abomination but do no damage.
The large abomination hits you!!
A large abomination comes into view.
An ufetubus comes into view.
Evoke which item? (* to show all) (? for menu, Esc to quit)
Aiming: Phantom Mirror
Press: ? - help, Dir - move target cursor, f - large abomination
Aim: a large abomination You reflect the large abomination with the mirror, and the mirror shatters!
You block the large abomination's attack.
You hit the large abomination but do no damage.
The large abomination is moderately damaged.
You hit the large abomination but do no damage.
The large abomination is moderately damaged.
You hit the large abomination but do no damage.
The large abomination is moderately damaged.
The large abomination closely misses you.
You barely miss the large abomination.
The large abomination is moderately damaged.
The large abomination hits you!!
* * * LOW HITPOINT WARNING * * *
You hit the large abomination.
The large abomination is almost destroyed.
You hit the large abomination but do no damage.
The large abomination is almost destroyed.
The large abomination hits you!!
You die...
Pakellas says: Time to start the next experiment...

.. # # .# #.# # ##
#...# ## .### # ##...
. # .5#. # . . . . ##
#..#####.## #.#
####...X##.# #.. # #.
## #X...### ...###
#.#.X..#@...# .. .#
###
#....#.#...#..#....#.
# #..#..#.#.#.#.#
###. .#
##X.#..###..#... #
#.# ... . ..
###.##..# # .
###..#.... ... .# .#
. . .. .## .... . .
## # .#. ... ##.# ##
. ## ..##.# .. ..


You could see a large abomination and a friendly large abomination.

Vanquished Creatures
  Erolcha (D:8)
  A thrashing horror (Abyss:1)
  3 large abominations (Abyss:1)
  An apocalypse crab (Abyss:1)
  A centaur zombie (D:10)
  An orange demon (Abyss:1)
  An ancient zyme (Abyss:1)
  A troll (Orc:1)
  A hill giant zombie (D:10)
  2 basilisks (D:8)
  7 yaks
  A hippogriff (D:7)
  2 hungry ghosts
  The ghost of Amnesiac the Ducker, an amateur DEFi (D:4)
  2 water moccasins (D:6)
  2 porcupines (D:8)
  A black bear (D:7)
  3 orc warriors
  2 sky beasts (D:5)
  2 small abominations (Abyss:1)
  2 necrophages (D:10)
  5 ogres
  3 phantoms
  5 centaurs
  3 crocodiles (D:8)
  5 giant frogs
  A gnoll sergeant (D:4)
  2 scorpions
  2 troll zombies (D:10)
  4 killer bees
  2 howler monkeys
  6 crimson imps
  An iron imp (Abyss:1)
  2 jellies
  5 orc priests
  Crazy Yiuf (D:7)
  6 hounds
  9 orc wizards
  Natasha (twice) (D:4)
  3 iguanas
  12 worker ants
  5 ogre zombies (D:10)
  2 hound skeletons
  2 howler monkey skeletons
  13 adders
  14 gnolls
  5 river rats (D:8)
  4 worms
  2 dart slugs (D:2)
  3 giant geckos
  39 orcs
  6 ball pythons
  9 bats
  4 giant cockroaches
  6 goblins
  6 hobgoblins
  12 jackals
  5 quokkas
  A giant gecko zombie (D:5)
  8 giant newts
  A goblin skeleton (D:10)
  6 goblin zombies (D:10)
  3 hobgoblin skeletons (D:10)
  A hobgoblin zombie (D:10)
  A jackal skeleton (D:5)
  10 kobolds
  An orc skeleton (D:10)
  13 orc zombies (D:10)
  10 rats
309 creatures vanquished.

Vanquished Creatures (others)
  A raiju (Abyss:1)
  A hound (D:4)
  An orc wizard (D:4)
  Natasha (D:4)
  A white imp (Abyss:1)
  An orc (D:4)
  2 fungi (D:8)
8 creatures vanquished.

Grand Total: 317 creatures vanquished

Notes
Turn   | Place    | Note
--------------------------------------------------------------
     0 | D:1      | Amnesiac the Merfolk Fighter began the quest for the Orb.
     0 | D:1      | Reached XP level 1. HP: 18/18 MP: 1/1
     3 | D:1      | Noticed an electric eel
     3 | D:1      | Noticed an electric eel
   107 | D:2      | Reached skill level 1 in Stealth
   221 | D:3      | Reached XP level 2. HP: 24/24 MP: 2/2
   454 | D:2      | Reached XP level 3. HP: 14/29 MP: 3/3
   467 | D:2      | Reached skill level 1 in Dodging
   757 | D:3      | Reached XP level 4. HP: 26/35 MP: 4/4
  1072 | D:4      | Noticed Amnesiac's ghost (amateur DEFi)
  1074 | D:4      | Noticed Natasha
  1206 | D:3      | Reached XP level 5. HP: 34/41 MP: 5/5
  1511 | D:4      | Killed Natasha
  1521 | D:4      | Killed Amnesiac's ghost
  1521 | D:4      | Reached XP level 6. HP: 31/50 MP: 6/6
  1645 | D:4      | Found a glowing silver altar of Zin.
  1645 | D:4      | Found a burning altar of Makhleb.
  1646 | D:4      | Noticed a cacodemon
  1646 | D:4      | Noticed an angel
  1708 | D:4      | Reached skill level 5 in Fighting
  1757 | D:4      | Found a shimmering altar of Xom.
  1761 | D:4      | Noticed Natasha
  1773 | D:4      | Killed Natasha
  1788 | D:4      | Noticed Natasha
  1792 | D:4      | Killed Natasha
  1792 | D:4      | Reached skill level 5 in Short Blades
  1806 | D:4      | Reached XP level 7. HP: 44/56 MP: 7/7
  2666 | D:5      | Entered Level 5 of the Dungeon
  2881 | D:5      | Found a white marble altar of Elyvilon.
  2993 | D:5      | Reached XP level 8. HP: 56/62 MP: 8/8
  3396 | D:5      | Got a faintly glowing robe
  3881 | D:6      | Found a sparkling altar of Nemelex Xobeh.
  3916 | D:6      | Identified the +2 robe of Kofoure {+Fly rF- rC+} (You found it on level 5 of the Dungeon)
  4044 | D:6      | Found a staircase to the Ecumenical Temple.
  4067 | Temple   | Entered the Ecumenical Temple
  4094 | D:6      | Reached skill level 5 in Dodging
  4666 | D:6      | Reached XP level 9. HP: 68/68 MP: 9/9
  4692 | D:6      | Reached skill level 10 in Short Blades
  6172 | D:2      | Found a deep blue altar of Sif Muna.
  6833 | D:7      | Reached skill level 1 in Evocations
  6881 | D:7      | Found a stormy altar of Qazlal.
  7125 | D:7      | Noticed Crazy Yiuf
  7134 | D:7      | Killed Crazy Yiuf
  7381 | D:8      | Found a radiant altar of Vehumet.
  7387 | D:8      | Noticed Erolcha
  7426 | D:8      | Killed Erolcha
  7426 | D:8      | Reached XP level 10. HP: 16/74 MP: 3/15
  7853 | D:8      | Paralysed by fainting for 7 turns
  7895 | D:8      | Found a staircase to the Lair.
  7907 | D:8      | Found a bloodstained altar of Trog.
  7909 | D:8      | Found an oddly glowing altar of Pakellas.
  7929 | D:8      | Became a worshipper of Pakellas the Inventive
  8105 | D:8      | Found an opulent altar of Gozag.
  8194 | D:6      | Reached * piety under Pakellas
  8194 | D:6      | Received a gift from Pakellas
  9364 | D:8      | Found a sparkling altar of Nemelex Xobeh.
  9549 | D:9      | Reached skill level 10 in Evocations
  9698 | D:9      | Found a sacrificial altar of Ru.
  9989 | D:9      | Reached ** piety under Pakellas
  9989 | D:9      | Received a gift from Pakellas
 10222 | D:10     | Entered Level 10 of the Dungeon
 10297 | D:10     | Reached skill level 5 in Stealth
 10542 | D:10     | Reached XP level 11. HP: 60/80 MP: 18/18
 10640 | D:10     | Found a staircase to the Orcish Mines.
 10761 | D:10     | Reached *** piety under Pakellas
 10761 | D:10     | Received a gift from Pakellas
 10927 | D:10     | Found a shattered altar of Ashenzari.
 11386 | Orc:1    | Entered Level 1 of the Orcish Mines
 11443 | Orc:2    | Entered Level 2 of the Orcish Mines
 11443 | Orc:2    | Noticed an orc warlord
 11493 | Orc:1    | Cast into level 1 of the Abyss (orc)
 11508 | Abyss:1  | Gained mutation: Your mind is acute. (Int +2) [potion of beneficial mutation]
 11516 | Abyss:1  | Gained mutation: Scrolls take you a little longer to read. [potion of mutation]
 11516 | Abyss:1  | Gained mutation: Armour fits poorly on your strangely shaped body. [potion of mutation]
 11675 | Abyss:1  | Noticed a large abomination
 11680 | Abyss:1  | Killed a large abomination
 11681 | Abyss:1  | Noticed a large abomination
 11687 | Abyss:1  | Noticed a phantasmal warrior
 11733 | Abyss:1  | Noticed a thrashing horror
 11779 | Abyss:1  | Noticed a thrashing horror
 11834 | Abyss:1  | Noticed a wretched star
 11886 | Abyss:1  | Noticed a thrashing horror
 11891 | Abyss:1  | Killed a thrashing horror
 11891 | Abyss:1  | Reached skill level 10 in Stealth
 12140 | Abyss:1  | Gained mutation: You are somewhat resistant to further mutation. [mutagenic meat]
 12191 | Abyss:1  | Noticed a wretched star
 12205 | Abyss:1  | Found a corrupted altar of Lugonu.
 12359 | Abyss:1  | Slain by a large abomination

Skill      XL: |  1  2  3  4  5  6  7  8  9 10 11 |
---------------+----------------------------------+-----
Stealth        | 1 2 6 10 | 10.9
Short Blades   | 3 4 5 8 9 10 | 10.5
Dodging        | 1 3 5 |  5.4
Armour         | 3 4 |  4.8
Fighting       | 4 5 |  5.2
Evocations     | 7 10 | 10.0
Shields        | |  3.0

Action                   |  1- 3 |  4- 6 |  7- 9 | 10-12 || total
-------------------------+-------+-------+-------+-------++-------
Melee: Rapier            |    74 |   180 |    34 |       ||   288
       Unarmed           |       |    14 |       |       ||    14
       Dagger            |       |       |   564 |   668 ||  1232
Invok: Quick Charge      |       |       |       |     1 ||     1
Evoke: Wand              |       |       |       |    38 ||    38
       Phantom mirror    |       |       |       |     2 ||     2
  Use: Potion            |     2 |       |     2 |     2 ||     6
       Scroll            |     1 |       |     6 |    10 ||    17
 Stab: Confused          |       |       |     2 |       ||     2
       Sleeping          |       |       |     3 |     4 ||     7
       Fleeing           |       |       |     1 |       ||     1
       Distracted        |       |       |       |     1 ||     1
       Paralysed         |       |       |       |     5 ||     5
  Eat: Chunk             |       |     3 |    18 |    18 ||    39
       Fruit             |       |       |       |     1 ||     1
       Meat ration       |       |       |       |     1 ||     1
Armor: Scale mail        |    42 |    40 |       |       ||    82
       Chain mail        |       |    37 |    20 |       ||    57
       Skin              |       |     2 |       |       ||     2
       Plate armour      |       |       |    68 |       ||    68
       Ring mail         |       |       |   113 |   130 ||   243
Dodge: Dodged            |    20 |    52 |   106 |   148 ||   326
Block: Shield            |    47 |    79 |   136 |   153 ||   415
